 Dungeon Crawl Stone Soup version 0.31.0 (webtiles) character file.

Game seed: 536153799496480947

5 Eli6969696 the Gusty (level 1, 0/14 HPs)
             Began as a Draconian Air Elementalist on Jan 19, 2024.
             Slain by a goblin
             ... wielding a +0 club
              (3 damage)
             ... on level 1 of the Dungeon.
             The game lasted 00:06:03 (210 turns).

Eli6969696 the Gusty (Draconian Air Elementalist)    Turns: 210, Time: 00:06:04

Health: 0/14       AC:  4    Str: 10    XL:     1   Next: 66%
Magic:  3/3        EV: 12    Int: 15    God:
Gold:   0          SH:  0    Dex: 11    Spells: 3/4 levels left

rFire   . . .        (no weapon)
rCold   . . .        (no shield)
rNeg    . . .        (body armour unavailable)
rPois   .            (helmet restricted)
rElec   .            (no cloak)
rCorr   .            (no gloves)
SInv    .            (no boots)
Will    .....        (no amulet)
Stlth   ++           (no ring)
HPRegen 0.22/turn    (no ring)
MPRegen 0.08/turn

%: no passive effects
@: no status effects
A: AC +4, unfitting armour, cold-blooded
a: no special abilities


You were on level 1 of the Dungeon.
You visited 1 branch of the dungeon, and saw 1 of its levels.

Inventory:

Hand Weapons
 b - a +0 dagger
 d - a +0 spear
 e - a +0 whip
 g - a +0 dagger
Armour
 f - an orb of energy
Potions
 a - a potion of magic
 c - a potion of lignification {unknown}


   Skills:
 + Level 1.7 Dodging
 + Level 1.8 Stealth
 + Level 0.4 Unarmed Combat
 + Level 2.1 Spellcasting
 + Level 1.0 Conjurations
 + Level 3.1 Air Magic


You had 3 spell levels left.
You knew the following spells:

 Your Spells              Type           Power      Damage    Failure   Level
a - Shock                 Conj/Air       28%        1d4       10%         1

Your spell library contained the following spells:

 Spells                   Type           Power      Damage    Failure   Level
 Static Discharge         Conj/Air       14%        3-4/arc   14%         2
 Swiftness                Air            11%        N/A       19%         3
 Airstrike                Air            5%         2d(1-17)  52%         4


Dungeon Overview and Level Annotations

Branches:
Dungeon (1/15)

Altars:

Annotations:
D:1 1 exclusion


Innate Abilities, Weirdness & Mutations

Your plain brown scales are hard. (AC +4)
You cannot fit into any form of body armour.
You are cold-blooded and may be slowed by cold attacks.


Message History

You closely miss the goblin.
The goblin is heavily wounded.
The goblin misses you. The goblin barely misses you.
You closely miss the goblin.
The goblin is heavily wounded.
The goblin hits you but does no damage. The goblin closely misses you.
You barely miss the goblin. You punch the goblin, but do no damage.
The goblin is heavily wounded.
The goblin closely misses you. The goblin hits you but does no damage.
You hit the goblin but do no damage. You tail-slap the goblin.
You kill the goblin!
The goblin hits you but does no damage.
There is an open door here.
You see here a +0 club.
The goblin hits you but does no damage. The goblin attacks as it pursues you!
The goblin misses you. The goblin hits you but does no damage.
The goblin completely misses you.
There is an open door here.
You barely miss the goblin. The goblin closely misses you.
You hit the goblin.
Your tail-slap misses the goblin.
The goblin is severely wounded.
The goblin hits you with a +0 club.
You barely miss the goblin.
The goblin is severely wounded.
The goblin hits you with a +0 club.
* * * LOW HITPOINT WARNING * * *
You barely miss the goblin.
The goblin is severely wounded.
The goblin misses you.
You closely miss the goblin.
The goblin is severely wounded.
The goblin closely misses you.
You barely miss the goblin.
The goblin is severely wounded.
The goblin barely misses you.
You barely miss the goblin.
Your tail-slap misses the goblin.
The goblin is severely wounded.
The goblin hits you with a +0 club.
You die...

..# ##.#### #.# #.# # ##.##
#.# #.##...# ##'## #....#.#
##...## .. ####...# ##.....##
##.#.#####..## ##.......#
.................####.........
.....#.....#@g.....'.........
...##8###8##.†.####.........
#...#..........# ##.......#
#...#.....#....######.....##
#...#..<..#.........##...##
#...#.....#..##.###. ##)##
#.........#..# .# #.#
#..##8###8##.##.# #.#
##.##.....#.....# #.#


You could see a goblin.

Vanquished Creatures
  An endoplasm (D:1)
  2 goblins (D:1)
  A frilled lizard (D:1)
  A kobold (D:1)
5 creatures vanquished.

Notes
Turn   | Place    | Note
-------+----------+-------------------------------------------
     0 | D:1      | Eli6969696 the Draconian Air Elementalist began the quest
                  | for the Orb.
     0 | D:1      | Reached XP level 1. HP: 14/14 MP: 3/3
   210 | D:1      | Slain by a goblin

Illustrated notes

Levels and vault maps discovered:
D:1:      scummos_arrival_simple_crosswalls, layout_loops_corners,
          feat_on_display

Action                     || total
---------------------------++-------
  Melee: Unarmed           ||    29
         Tailslap          ||     3
         Punch             ||     1
 Armour: Skin              ||    27
  Dodge: Dodged            ||    25
